 Dungeon Crawl Stone Soup version 0.30.0-29-ga12c61a403 (webtiles) character file.

Game seed: 10954225335217203314

2697 olmar the Martial Artist (level 9, -4/78 HPs)
             Began as a Naga Transmuter on June 7, 2023.
             Was an Initiate of Gozag.
             Slain by an iguana (10 damage)
             ... on level 7 of the Dungeon.
             The game lasted 00:15:50 (9699 turns).

olmar the Martial Artist (Naga Transmuter)          Turns: 9699, Time: 00:15:51

Health: -4/78      AC:  2    Str: 12    XL:     9   Next: 65%
Magic:  16/16      EV: 24    Int: 18    God:    Gozag
Gold:   310        SH:  5    Dex: 17    Spells: 12/18 levels left

rFire   . .          .
                       - Unarmed
rCold   . . .        (shield currently unavailable)
rNeg    . . .        a - melded +0 robe
rPois   x            (helmet currently unavailable)
rElec   .            (cloak currently unavailable)
rCorr   .            (gloves currently unavailable)
SInv    +            (no barding)
Will    ++...        w - amulet of reflection
Stlth   +++          t - ring of willpower
HPRegen 0.33/turn    i - +5 ring of evasion
MPRegen 0.15/turn

%: reflection
@: spider-form (expiring), slowed, very slow
A: venomous fangs, AC +3, tiny, see invisible, (deformed body), (poison
resistance), (slowness 2), spit poison 1, (naga tail 1)
a: Spit Poison, End Transformation, Renounce Religion, Potion Petition, Call
Merchant, Bribe Branch


You were on level 7 of the Dungeon.
You worshipped Gozag.
Gozag was aware of your devotion.
You were a venomous arachnid creature.
You visited 2 branches of the dungeon, and saw 8 of its levels.
You also visited: Sewer.

You collected 441 gold pieces.
You paid 131 gold pieces to Gozag.

Inventory:

Hand Weapons
 o - the +8 shortbow "Qihumneta" {heavy, rF+ rCorr Str+2}
   (You found it on level 3 of the Dungeon)

   Str:       It affects your strength (+2).
   rF:        It protects you from fire.
   rCorr:     It protects you from acid and corrosion.
Missiles
 l - 25 poisoned darts (quivered)
Armour
 a - a +0 robe (melded)
Magical Staves
 j - a staff of death
Jewellery
 i - a +5 ring of evasion (right front pincers)
 t - a ring of willpower (left front pincers)
 w - an amulet of reflection (around neck)
Wands
 r - a wand of flame (21)
 F - a wand of mindburst (10)
 G - a wand of paralysis (3)
Scrolls
 c - 5 scrolls of teleportation
 d - 2 scrolls of enchant weapon
 h - 3 scrolls of magic mapping {unknown}
 m - a scroll of fear
 n - 4 scrolls of fog
 q - 2 scrolls of poison {unknown}
 s - a scroll of vulnerability {unknown}
 v - a scroll of immolation {unknown}
 y - a scroll of amnesia {unknown}
Potions
 b - a potion of lignification
 e - 5 potions of degeneration
 f - 2 potions of curing
 g - 2 potions of haste
 k - a potion of ambrosia {unknown}
 p - 3 potions of invisibility {unknown}
 u - a potion of berserk rage {unknown}
 x - 2 potions of might {unknown}
 z - 2 potions of attraction
 A - 2 potions of brilliance
 B - 2 potions of cancellation
 C - a potion of resistance {unknown}
 D - a potion of mutation {unknown}
 E - a potion of heal wounds


   Skills:
 + Level 3.8 Fighting
 - Level 1.5 Dodging
 + Level 5.7 Stealth
 + Level 9.0 Unarmed Combat
 + Level 5.0 Spellcasting
 + Level 5.5 Transmutations
 + Level 4.3 Poison Magic


You had 12 spell levels left.
You knew the following spells:

 Your Spells              Type           Power      Damage    Failure   Level
a - Beastly Appendage     Tmut           48%        N/A       6%          1
b - Wereblood             Tmut           24%        N/A       8%          2
c - Spider Form           Tmut/Pois      22%        N/A       16%         3

Your spell library contained the following spells:

 Spells                   Type           Power      Damage    Failure   Level
 Cigotuvi's Dreadful Rot  Necr/Pois/Air  18%        N/A       26%         2
 Ignite Poison            Fire/Tmut/Pois 16%        N/A       26%         3
 Apportation              Tloc           8%         N/A       30%         1
 Magic Dart               Conj           16%        1d3       30%         1
 Necrotise                Necr           16%        1d4       30%         1
 Slow                     Hex            16%        N/A       30%         1
 Summon Small Mammal      Summ           16%        N/A       30%         1
 Lesser Beckoning         Tloc           8%         N/A       41%         2
 Searing Ray              Conj           8%         2d4       41%         2
 Confusing Touch          Hex            4%         N/A       58%         3
 Gell's Gravitas          Tloc           4%         N/A       58%         3
 Teleport Other           Tloc           4%         N/A       58%         3
 Vampiric Draining        Necr           4%         2d6       58%         3
 Vhi's Electric Charge    Tloc/Air       8%         N/A       58%         3
 Ice Form                 Ice/Tmut       14%        N/A       61%         4
 Alistair's Intoxication  Tmut/Pois      14%        N/A       65%         5
 Fulminant Prism          Conj/Hex       2%         3d5       91%         4
 Arcjolt                  Conj/Air       2%         1d12      99%         5
 Freezing Cloud           Conj/Ice/Air   2%         6-21      99%         5
 Borgnjor's Revivificati  Necr           2%         N/A       100%        8
 Maxwell's Capacitive Co  Air            2%         ∞         100%        8
 Necromutation            Tmut/Necr      7%         N/A       100%        8
 Death's Door             Necr           2%         N/A       100%        9


Dungeon Overview and Level Annotations

Branches:
Dungeon (7/15)             Temple (1/1) D:6           Sewer (visited)

Altars:
Ashenzari
Cheibriados
Dithmenos
Elyvilon
Fedhas
Gozag
Hepliaklqana
Kikubaaqudgha
Makhleb
Nemelex Xobeh
Okawaru
Qazlal
Ru
Trog
Uskayaw
Vehumet
Wu Jian
Xom
Yredelemnul
Zin
The Shining One

Shops:
D:4 :   D:6 :(


Innate Abilities, Weirdness & Mutations

You are a venomous arachnid creature.
You have venomous fangs.
You are tiny and dextrous.
Your spellcasting is less reliable in this form.
Your armour is entirely melded.
You are incapable of wielding weapons or throwing items.
((Your serpentine skin is tough. (AC +3)))
You have supernaturally acute eyesight. (SInv)
((Armour fits poorly on your strangely shaped body.))
((Your system is resistant to poisons. (rPois)))
((You cover ground very slowly.))
You can spit poison.
((You have a snake-like lower body.))


Message History

You have difficulty breathing.
You feel as though you will be slow longer.
You feel extremely sick.
The kobold brigand completely misses you.
There is an open door here.
Unknown command.
You are too injured to fight recklessly!
You are too injured to fight recklessly!
Unknown command.
You are too injured to fight recklessly!
You bite the kobold brigand!
The kobold brigand is moderately wounded.
* * * LOW HITPOINT WARNING * * *
You feel extremely sick.
The iguana hisses menacingly.
The kobold brigand hits you with a +0 short sword.
* * * LOW HITPOINT WARNING * * *
You feel better. You block the iguana's attack.
The kobold brigand completely misses you.
The iguana completely misses you.
The kobold brigand hits you with a +0 short sword.
* * * LOW HITPOINT WARNING * * *
Unknown command.
You closely miss the kobold brigand.
The kobold brigand is moderately wounded.
The iguana completely misses you. The kobold brigand closely misses you.
Unknown command.
You need at least 400 gold to purchase potions right now!
Unknown command.
Aiming: Mindburst
Press: ? - help, Shift-Dir - straight line, f - kobold brigand
Aim: a kobold brigand, wielding a +0 short sword and quivering curare-tipped darts (moderately wounded, chance to affect: 64%)
The kobold brigand struggles to resist.
Your transformation is almost over.
The iguana completely misses you.
The kobold brigand hits you with a +0 short sword!
* * * LOW HITPOINT WARNING * * *
The iguana bites you!
You die...
Your body crumbles into a pile of gold.

.........####
### ##.....
.#######..#
#.##.# ##.#
#.##.# #'##
#.##.# ##..##
## #.##..
#....##..##
#.#### ##
#...$'$...#
#..... $
##..##..##$...#
####..
#...ls### #..##
#.# #...K##$
#'# ##.# ##..#
#.. ##..# #y#
... #.... #..
..##.(.. #..
####### #.
#.... ## #.###
##.###


You could see a kobold brigand, an iguana and a killer bee (wandering).

Vanquished Creatures
  2 ice beasts (D:6)
  4 black bears
  4 ogres
  A centaur (D:7)
  5 kobold brigands
  2 phantoms
  Blork the orc (D:4)
  5 scorpions
  2 howler monkeys (D:7)
  2 hounds
  2 jellies
  6 iguanas
  6 orc wizards
  Natasha (thrice) (D:4)
  6 gnolls (D:5)
  A river rat (Sewer)
  10 adders
  3 white imps
  2 ufetubi
  6 worms
  2 dart slugs
  9 orcs
  10 endoplasms
  5 giant cockroaches
  8 goblins
  3 hobgoblins
  7 jackals (D:4)
  A quokka (D:5)
  7 ball pythons
  10 bats
  5 frilled lizards
  20 kobolds
  9 rats
169 creatures vanquished.

Notes
Turn   | Place    | Note
-------+----------+-------------------------------------------
     0 | D:1      | olmar the Naga Transmuter began the quest for the Orb.
     0 | D:1      | Reached XP level 1. HP: 18/18 MP: 3/3
   255 | D:1      | Reached XP level 2. HP: 19/25 MP: 3/5
   289 | D:1      | Learned a level 2 spell: Wereblood
   725 | D:1      | Reached XP level 3. HP: 28/31 MP: 6/6
   950 | D:2      | Reached skill level 1 in Stealth
  1893 | D:3      | Reached XP level 4. HP: 37/38 MP: 7/7
  1908 | D:3      | Identified the +8 shortbow "Qihumneta" {heavy, rF+ rCorr
                  | Str+2}
  2504 | D:4      | Noticed an ogre
  2508 | D:4      | Found a glowing drain.
  2508 | D:4      | Found Dyroraarph's Book Emporium.
  2530 | Sewer    | Entered a sewer
  2742 | Sewer    | Reached skill level 4 in Unarmed Combat
  2786 | Sewer    | Noticed a kobold brigand
  2794 | Sewer    | Killed a kobold brigand
  2795 | Sewer    | Reached XP level 5. HP: 27/44 MP: 9/9
  2878 | Sewer    | Noticed a kobold brigand
  2896 | Sewer    | Killed a kobold brigand
  2897 | Sewer    | Reached XP level 6. HP: 20/52 MP: 10/10
  3099 | Sewer    | Reached skill level 5 in Unarmed Combat
  3752 | Sewer    | Reached XP level 7. HP: 40/61 MP: 11/11
  3973 | D:4      | Noticed Blork the orc
  3993 | D:4      | Killed Blork the orc
  4182 | D:4      | Noticed Natasha
  4193 | D:4      | Killed Natasha
  4352 | D:4      | Noticed Natasha
  4387 | D:4      | Killed Natasha
  4388 | D:4      | Reached skill level 6 in Unarmed Combat
  4389 | D:4      | Noticed Natasha
  4399 | D:4      | Killed Natasha
  4670 | D:4      | Learned a level 3 spell: Spider Form
  4833 | D:4      | Reached XP level 8. HP: 43/69 MP: 11/13
  5088 | D:5      | Entered Level 5 of the Dungeon
  5280 | D:5      | Reached skill level 1 in Poison Magic
  5495 | D:5      | Reached skill level 7 in Unarmed Combat
  5550 | D:5      | Reached skill level 5 in Stealth
  6689 | D:6      | Found Niomotufi's Weapon Emporium.
  7344 | D:6      | Reached XP level 9. HP: 78/78 MP: 11/15
  7432 | D:6      | Reached skill level 5 in Transmutations
  7608 | D:6      | Found Poihaoco's Book Shop.
  7657 | D:6      | Reached skill level 8 in Unarmed Combat
  7757 | D:6      | Found a staircase to the Ecumenical Temple.
  7768 | Temple   | Entered the Ecumenical Temple
  8894 | D:7      | Found a basalt altar of Yredelemnul.
  8896 | D:7      | Found a broken altar of Ashenzari.
  8897 | D:7      | Found an ancient bone altar of Kikubaaqudgha.
  8903 | D:7      | Found an opulent altar of Gozag.
  8904 | D:7      | Found a blossoming altar of Fedhas.
  8907 | D:7      | Found a sacrificial altar of Ru.
  8908 | D:7      | Became a worshipper of Gozag Ym Sagoz the Greedy
  8909 | D:7      | Found an iron altar of Okawaru.
  8911 | D:7      | Found a snail-covered altar of Cheibriados.
  8915 | D:7      | Found a burning altar of Makhleb.
  8916 | D:7      | Found a bloodstained altar of Trog.
  9457 | D:7      | Reached skill level 5 in Spellcasting
  9687 | D:7      | Reached skill level 9 in Unarmed Combat
  9699 | D:7      | Slain by an iguana

Illustrated notes

Levels and vault maps discovered:
D:1:      minmay_arrival_loop, layout_basic, nicolae_titane
D:2:      layout_basic
D:3:      layout_loops_ring, minmay_checkerbox
D:4:      layout_gridville, serial_shops, shop, cheibrodos_sewer_entry_drain,
          minmay_a_box_with_orc_wizards_in_it, uniq_natasha, uniq_blork_the_orc
D:5:      layout_basic
D:6:      nicolae_cairo_tiling_large, layout_basic,
          minmay_temple_entry_overgrown, serial_shops, nicolae_stop_n_shop_1,
          shop, corexii_leaking_fountain, kennysheep_generic_room_5
D:7:      minmay_bubble_buster, layout_loops_corners,
          nicolae_overflow_hallway_of_the_gods, hangedman_decor_points,
          minmay_misc_feat_hallway, nicolae_concentric_dashed_squares_wild
Temple:   grunt_temple_mini_profane

Skill      XL: |  1  2  3  4  5  6  7  8  9 |
---------------+----------------------------+-----
Stealth        | 1 2 3 4 5 |  5.7
Unarmed Combat | 4 5 6 7 9 |  9.0
Transmutations | 3 4 5 |  5.5
Spellcasting   | 3 4 5 |  5.0
Fighting       | 2 3 |  3.8
Poison Magic   | 3 4 |  4.3
Dodging        | |  1.5

Action                     |  1- 3 |  4- 6 |  7- 9 || total
---------------------------+-------+-------+-------++-------
  Melee: Unarmed           |   135 |   115 |   274 ||   524
         Headbutt          |     9 |    18 |    10 ||    37
         Punch             |     4 |     1 |     5 ||    10
         Shortbow          |       |       |     1 ||     1
   Fire: Shortbow          |       |    32 |     7 ||    39
  Throw: Dart              |     1 |     6 |    34 ||    41
   Cast: Beastly Appendage |    14 |     8 |     5 ||    27
         Wereblood         |       |     1 |     6 ||     7
         Spider Form       |       |       |    23 ||    23
Ability: Spit Poison       |    11 |     6 |    24 ||    41
  Evoke: Wand              |       |       |     1 ||     1
    Use: Scroll            |     5 |     2 |     3 ||    10
         Potion            |       |       |     6 ||     6
   Stab: Sleeping          |     1 |       |     2 ||     3
         Distracted        |     1 |       |     2 ||     3
 Armour: Robe              |    29 |    34 |    16 ||    79
         Skin              |       |       |     8 ||     8
  Dodge: Dodged            |    64 |    46 |   220 ||   330
  Block: Other             |       |       |    28 ||    28
